AoeStats
← _LY_抖音肥龙

African Clearing

505259468Analyzed
4v4 RM · 24d ago on Sep 8, 2026· 49m 28s· 8 players
Game mode
Random Map
Map size
Large (8 player)
Population
200
Speed
Normal
Resources
Standard
Victory
Conquest
Starting age
Dark Age
Ending age
Imperial Age
RankedLock teamsTeams togetherTeam positionsShared explorationLock speedFull tech treeHidden civsTurbo modeCheats
Victory
Defeat
🇭🇰 Persians · Hong Kong SAR China
1760
+12
🇨🇳 Dravidians · China
1711
+14
🇧🇪 Gurjaras · Belgium
1702
+14
🇹🇼 Mongols · Taiwan
1593
+19
🇨🇳 Tupi · China
1766
-19
🇨🇳 Britons · China
1717
-17
🇨🇳 Japanese · China
1595
-12
🇨🇳 Berbers · China
1580
-11
青衫天子
11:40 Feudal Age
12:07 Town Watch
11:54 Man-at-Arms
14:36 Double-Bit Axe
15:05 Loom
16:02 Arson
23:16 Castle Age
21:46 Horse Collar
23:24 Fletching
23:19 Light Cavalry
24:30 Husbandry
24:48 Bow Saw
27:31 Sanctity
29:32 Wheelbarrow
31:56 Heavy Plow
35:20 Padded Archer Armor
35:37 Hand Cart
37:36 Gold Mining
40:25 Imperial Age
38:03 Elite Skirmisher
41:01 Ballistics
40:48 Bodkin Arrow
41:35 Coinage
41:38 Conscription
41:23 Stone Mining
41:47 Bracer
42:08 Leather Archer Armor
43:08 Chemistry
43:21 Ring Archer Armor
43:36 Banking
43:13 Pikeman
43:53 Squires
43:54 Scale Mail Armor
44:05 Forging
46:27 Two-Man Saw
46:01 Murder Holes
46:33 Guard Tower
46:27 Treadmill Crane
48:41 Keep
47:52 Arrowslits
48:44 Halberdier
巧克力奶油可丽饼
10:37 Loom
21:34 Feudal Age
26:21 Castle Age
27:43 Fletching
28:05 Double-Bit Axe
35:20 Padded Archer Armor
35:45 Bodkin Arrow
37:41 Ballistics
38:36 Wheelbarrow
37:47 Town Watch
44:45 Imperial Age
43:01 Leather Archer Armor
46:10 Ring Archer Armor
46:19 Hand Cart
46:32 Horse Collar
47:03 Bow Saw
48:35 Bracer
49:39 Chemistry
椒香三角铁
7:18 Loom
11:22 Feudal Age
11:41 Man-at-Arms
12:28 Arson
21:04 Castle Age
19:52 Scale Mail Armor
21:23 Long Swordsman
31:50 Fletching
46:48 Double-Bit Axe
48:06 Stone Mining
48:39 Town Watch
0g123451
7:12 Loom
13:43 Feudal Age
13:57 Feudal Age
19:13 Castle Age
19:03 Fletching
39:42 Wheelbarrow
44:28 Ballistics
45:14 Padded Archer Armor
45:12 Bodkin Arrow
50:19 Imperial Age
上帝惡魔楊宗翰
3:45 Loom
15:00 Feudal Age
15:28 Man-at-Arms
20:03 Fletching
20:57 Arson
22:54 Forging
24:08 Wheelbarrow
28:52 Castle Age
27:22 Stone Mining
27:35 Double-Bit Axe
29:05 Long Swordsman
36:46 Medium Warships
39:29 Horse Collar
44:25 Imperial Age
41:54 Gold Mining
42:19 Bow Saw
42:07 Bodkin Arrow
42:40 Padded Archer Armor
43:48 Hand Cart
43:50 Heavy Plow
44:01 Town Watch
45:12 Bracer
45:39 Ballistics
45:53 Conscription
47:02 Chemistry
47:20 Leather Archer Armor
47:20 Bloodlines
47:57 Elite Mangudai
49:51 Drill
50:41 Gold Shaft Mining
_LY_抖音肥龙
8:48 Loom
35:38 Feudal Age
39:02 Castle Age
37:08 Double-Bit Axe
41:29 Bow Saw
41:01 Horse Collar
42:33 Wheelbarrow
44:56 Hand Cart
45:22 Heavy Plow
49:17 Town Watch
52:28 Imperial Age
CNZS_HiFive
2:43 Loom
13:36 Feudal Age
18:05 Castle Age
17:10 Double-Bit Axe
21:24 Horse Collar
24:03 Bow Saw
23:55 Fletching
24:35 Bodkin Arrow
25:40 Ballistics
25:49 Padded Archer Armor
27:43 Leather Archer Armor
30:03 Husbandry
30:59 Medical Corps
31:54 Thumb Ring
33:30 Wheelbarrow
32:49 Gold Mining
35:09 Hand Cart
39:04 Imperial Age
40:11 Coinage
39:49 Bracer
40:51 Chemistry
39:17 Elite Elephant Archer
40:03 Siege Elephant
41:09 Guilds
42:13 Banking
43:08 Ring Archer Armor
43:16 Conscription
43:19 Wootz Steel
46:40 Town Watch
47:03 Scale Barding Armor
47:09 Forging
48:21 Chain Barding Armor
49:07 Two-Man Saw
48:07 Heavy Plow
48:11 Scale Mail Armor
50:43 Iron Casting
bullseyes
12:38 Feudal Age
11:08 Loom
12:54 Feudal Age
16:57 Castle Age
27:32 Town Watch
29:39 Double-Bit Axe
35:29 Wheelbarrow
37:20 Horse Collar
37:53 Bow Saw
43:26 Hand Cart
45:38 Heavy Plow
48:57 Imperial Age
46:41 Gold Mining
46:42 Stone Mining
46:37 Treadmill Crane
47:19 Bloodlines
47:09 Husbandry
48:00 Scale Barding Armor
48:05 Forging
49:19 Chain Barding Armor
49:05 Elite Shrivamsha Rider
Connection lost

Rejoining the realm…

Still unreachable

The connection could not be restored.

Session expired

The server has moved on; the page needs a fresh start.